 Dungeon Crawl Stone Soup version 0.17.0-28-g6e173f8 (webtiles) character file.

5501 themokujin the Sharpshooter (level 10, 0/73 HPs)
             Began as a Centaur Hunter on Nov 21, 2015.
             Was a Believer of Okawaru.
             Hit by a tomahawk of returning thrown by an orc warrior (5 damage)
             ... on level 1 of the Orcish Mines.
             The game lasted 01:32:58 (15527 turns).

themokujin the Sharpshooter (Centaur Hunter)       Turns: 15527, Time: 01:32:58

Health: 0/73       AC:  5    Str: 14    XL:     10   Next: 42%
Magic:  10/10      EV:  7    Int: 10    God:    Okawaru [**....]
Gold:   433        SH:  0    Dex: 14    Spells: 0 memorised, 9 levels left

rFire  + . .     SeeInvis .     x - +2 rapier (venom)
rCold  x . .     Clarity  .     d - +1 robe {MR+}
rNeg   . . .     SustAt   .     (no shield)
rPois  .         Gourm    .     (helmet restricted)
rElec  .         Spirit   .     (no cloak)
rCorr  .         Warding  .     (no gloves)
rMut   .         Stasis   .     (no barding)
MR     ++...                    (no amulet)
Stlth  +.........               n - ring of fire
                                k - ring of protection from magic

@: very quick, very resistant to hostile enchantments, very unstealthy
A: hooves 3, horns 1, deformed body, speed 2, tough skin 3
a: Heroism, Renounce Religion


You were on level 1 of the Orcish Mines.
You worshipped Okawaru.
Okawaru was pleased with you.
You were very hungry.

You visited 3 branches of the dungeon, and saw 13 of its levels.

You collected 493 gold pieces.
You spent 60 gold pieces at shops.

Inventory:

Hand Weapons
 a - a +2 hand crossbow
 b - a +0 short sword
 x - a +2 rapier of venom (weapon)
Missiles
 f - a bolt
Armour
 c - a +0 leather armour
 d - a +1 robe of magic resistance (worn)
Jewellery
 k - a ring of protection from magic (left hand)
 n - a ring of fire (right hand)
 J - an uncursed ring of protection from magic
Wands
 y - a wand of flame (0)
 C - a wand of flame (0)
 D - a wand of fire (0)
 H - a wand of confusion (0)
Scrolls
 l - 4 scrolls of remove curse
 s - a scroll of amnesia
 B - 2 scrolls of identify
 G - a scroll of magic mapping
Potions
 g - a potion of cure mutation
 i - a potion of heal wounds
 m - a potion of flight
 o - a potion of haste
 q - 2 potions of magic
 r - 2 potions of brilliance
 u - 2 potions of curing
 v - 2 potions of might
 F - a potion of agility
Comestibles
 e - 4 bread rations


   Skills:
 - Level 2.0 Fighting
 - Level 15.0 Crossbows
 * Level 5.5 Dodging
 - Level 0.5 Stealth


You had 9 spell levels left.
You didn't know any spells.

Dungeon Overview and Level Annotations

Branches:
Dungeon (11/15)            Temple (1/1) D:5             Orc (1/4) D:9
   Lair: D:8-11

Altars:
Ashenzari
Cheibriados
Dithmenos
Elyvilon
Fedhas
Gozag
Kikubaaqudgha
Makhleb
Nemelex Xobeh
Okawaru
Qazlal
Ru
Sif Muna
Trog
Vehumet
Xom
Yredelemnul
Zin
The Shining One

Shops:
D:4 }}   D:8 !

Annotations:
D:7 donomii's ghost, novice OgHu
D:10 Fannar; Josephine


Innate Abilities, Weirdness & Mutations

You have hooves in place of feet.
Armour fits poorly on your strangely shaped body.
You cover ground very quickly.
You have extremely tough skin (AC +3).
You have a pair of small horns on your head.


Message History

The orc wizard closely misses you.
The orc looks more healthy.
The orc wizard gestures wildly while chanting.
The orc wizard flickers and vanishes!
The orc warrior throws a tomahawk of returning.
The tomahawk of returning hits you.
The weapon returns to the orc warrior!
The orc warrior throws a tomahawk of returning.
The tomahawk of returning barely misses you.
The orc knight roars a battlecry!
The orc warrior goes into a battle-frenzy!
The orc knight hits you with a rapier!!
* * * LOW HITPOINT WARNING * * *
The orc warrior throws a tomahawk of returning.
The tomahawk of returning hits you!
* * * LOW HITPOINT WARNING * * *
The weapon returns to the orc warrior!
There is a staircase back to the Dungeon, spattered with blood here.
The orc warrior throws a tomahawk of returning.
The tomahawk of returning hits you.
You die...

### ##.# ##..###
.. #.....# ..###
##.....###
...#.##........##
........@.......#
#.......o......##
##...o...##....###
#......####......#
##......)#.....###
#........oo....#.#
.$..o..$.oo..#.# #
...###.......##..
...#^#......## #.#


You could see an orc knight, an orc warrior (frenzied) and an orc (frenzied).

Vanquished Creatures
  Erica (D:8)
  A two-headed ogre (D:9)
  Sigmund (D:4)
  A hippogriff (D:8)
  3 phantoms
  5 ice beasts
  2 orc warriors (D:9)
  2 sky beasts
  A black bear (D:8)
  7 ogres
  2 necrophages
  4 centaurs
  4 giant frogs
  A crocodile (D:9)
  A water moccasin skeleton (D:4)
  2 scorpions
  3 wights
  3 crimson imps
  2 electric eels (D:9)
  5 hounds
  2 giant frog zombies
  2 jellies (D:5)
  8 orc wizards
  10 orc priests
  2 iguanas
  A killer bee zombie (D:8)
  9 worker ants
  2 hound zombies
  2 hound skeletons
  8 adders
  3 oozes
  An adder zombie (D:7)
  2 adder skeletons (D:4)
  2 worms (D:2)
  3 giant geckos
  46 orcs
  A ball python (D:1)
  7 giant cockroaches
  6 hobgoblins
  5 quokkas
  8 bats
  A giant gecko skeleton (D:5)
  7 giant newts
  10 goblins
  A jackal skeleton (D:5)
  5 kobolds
  A quokka skeleton (D:4)
  2 quokka zombies
  7 rats
  2 plants (D:5)
217 creatures vanquished.

Notes
Turn   | Place    | Note
--------------------------------------------------------------
     0 | D:1      | themokujin the Centaur Hunter began the quest for the Orb.
     0 | D:1      | Reached XP level 1. HP: 17/17 MP: 1/1
   177 | D:1      | Reached XP level 2. HP: 24/24 MP: 2/2
   191 | D:1      | Reached skill level 5 in Crossbows
   579 | D:2      | Reached XP level 3. HP: 29/29 MP: 3/3
   695 | D:2      | Found a faded altar to an unknown god.
   966 | D:2      | Reached skill level 6 in Crossbows
  1115 | D:2      | You fall through a shaft for 2 floors!
  1174 | D:4      | Reached XP level 4. HP: 36/36 MP: 4/4
  1715 | D:4      | Found Ipoud's Gadget Emporium.
  1786 | D:4      | Found Wemaf's Gadget Shoppe.
  1811 | D:4      | Reached skill level 7 in Crossbows
  1811 | D:4      | Reached XP level 5. HP: 41/41 MP: 5/5
  2185 | D:4      | Noticed Sigmund
  2189 | D:4      | Killed Sigmund
  2189 | D:4      | Reached skill level 8 in Crossbows
  2189 | D:4      | Reached XP level 6. HP: 48/48 MP: 6/6
  2593 | D:4      | Reached skill level 9 in Crossbows
  2593 | D:4      | Reached XP level 7. HP: 55/55 MP: 7/7
  2712 | D:5      | Entered Level 5 of the Dungeon
  3643 | D:5      | Reached skill level 10 in Crossbows
  3667 | D:5      | Found a basalt altar of Yredelemnul.
  3925 | D:5      | Reached XP level 8. HP: 37/61 MP: 8/8
  3964 | D:5      | Reached skill level 11 in Crossbows
  4090 | D:5      | Found a deep blue altar of Sif Muna.
  4353 | D:5      | Found a staircase to the Ecumenical Temple.
  4359 | Temple   | Entered the Ecumenical Temple
  4456 | Temple   | Became a worshipper of Warmaster Okawaru
  5010 | D:6      | Reached skill level 12 in Crossbows
  5782 | D:6      | Reached * piety under Okawaru
  6190 | D:7      | Reached skill level 13 in Crossbows
  6263 | D:7      | Reached XP level 9. HP: 52/67 MP: 9/9
  6684 | D:7      | Noticed donomii's ghost (novice OgHu)
  7677 | D:8      | Noticed Erica
  7978 | D:8      | Reached skill level 14 in Crossbows
  8281 | D:8      | Found Muemm's Distillery.
  8287 | D:8      | Bought a potion of agility for 60 gold pieces
  8370 | D:8      | Killed Erica
  8370 | D:8      | Reached ** piety under Okawaru
  8636 | D:8      | Reached skill level 15 in Crossbows
  9310 | D:9      | Gained mutation: You have a pair of small horns on your head. [potion of beneficial mutation]
 10219 | D:10     | Entered Level 10 of the Dungeon
 10263 | D:11     | Noticed an eight-headed hydra
 10338 | D:9      | Reached XP level 10. HP: 73/73 MP: 10/10
 10395 | D:9      | Found a shattered altar of Ashenzari.
 11976 | D:9      | Found a staircase to the Orcish Mines.
 11985 | Orc:1    | Entered Level 1 of the Orcish Mines
 11985 | Orc:1    | Noticed an orc knight
 12262 | D:10     | Noticed Josephine
 12264 | D:10     | Noticed Fannar
 12354 | D:10     | HP: 1/73 [vampire mosquito (9)]
 13935 | D:8      | Reached skill level 5 in Dodging
 15527 | Orc:1    | Hit by a tomahawk of returning thrown by an orc warrior

Action                   |  1- 3 |  4- 6 |  7- 9 | 10-12 || total
-------------------------+-------+-------+-------+-------++-------
Melee: Short sword       |       |     1 |    82 |       ||    83
       Rapier            |       |       |   135 |   179 ||   314
 Fire: Hand crossbow     |    74 |   101 |   314 |     1 ||   490
Throw: Throwing net      |       |       |     3 |       ||     3
Evoke: Wand              |       |       |    13 |    18 ||    31
  Use: Scroll            |     4 |     1 |    21 |     9 ||    35
       Potion            |     2 |       |     3 |     7 ||    12
 Stab: Confused          |       |       |     2 |     7 ||     9
       Held in net/web   |       |       |     2 |       ||     2
  Eat: Chunk             |       |     3 |    12 |     2 ||    17
       Fruit             |       |       |     6 |     2 ||     8
       Beef jerky        |       |       |     2 |       ||     2
       Bread ration      |       |       |       |     2 ||     2
       Royal jelly       |       |       |       |     1 ||     1
